 Dungeon Crawl Stone Soup version 0.28.0-45-g0d030f2227 (webtiles) character file.

Game seed: 10075489634251207290

74 croobank the Skirmisher (level 4, -4/41 HPs)
             Began as a Hill Orc Fighter on Apr 17, 2022.
             Slain by Sigmund
             ... wielding a +1 scythe of protection
              (6 damage)
             ... on level 2 of the Dungeon.
             The game lasted 00:02:58 (1533 turns).

croobank the Skirmisher (Hill Orc Fighter)          Turns: 1533, Time: 00:02:59

Health: -4/41      AC:  8    Str: 20    XL:     4   Next: 28%
Magic:  4/4        EV:  9    Int:  8    God:
Gold:   54         SH:  4    Dex: 10    Spells: 3/3 levels left

rFire   . . .      SeeInvis .   a - +0 war axe
rCold   . . .      Faith    .   c - +0 buckler
rNeg    . . .      Spirit   .   h - +0 scale mail
rPois   .          Reflect  .   (no helmet)
rElec   .          Harm     .   d - +0 cloak
rCorr   .          Rampage  .   (no gloves)
Will    .....                   (no boots)
Stlth   ..........              (no amulet)
HPRegen 0.13/turn               (no ring)
MPRegen 0.09/turn               (no ring)

@: no status effects
A: no striking features
a: no special abilities


You were on level 2 of the Dungeon.
You visited 1 branch of the dungeon, and saw 2 of its levels.

You collected 54 gold pieces.

Inventory:

Hand Weapons
 a - a +0 war axe (weapon)
 b - a +0 hunting sling
Missiles
 g - 49 stones (quivered)
 i - 4 poisoned darts
 l - 24 arrows
Armour
 c - a +0 buckler (worn)
 d - a +0 cloak (worn)
 h - a +0 scale mail (worn)
Scrolls
 j - a scroll of immolation {unknown}
Potions
 f - a potion of resistance {unknown}
 k - a potion of ambrosia {unknown}


   Skills:
 + Level 4.3 Fighting
 + Level 3.7 Axes
 + Level 3.9 Armour
 + Level 3.9 Shields


You had 3 spell levels left.
You didn't know any spells.
Your spell library contained the following spells:

 Spells                   Type           Power      Damage    Failure   Level
 Magic Dart               Conj           0%         1d3       85%         1
 Call Imp                 Summ           0%         N/A       94%         2
 Mephitic Cloud           Conj/Pois/Air  0%         N/A       99%         3
 Cause Fear               Hex            0%         N/A       100%        4
 Dragon Form              Tmut           0%         N/A       100%        7
 Dragon's Call            Summ           0%         N/A       100%        9


Dungeon Overview and Level Annotations

Branches:
Dungeon (2/15)

Altars:

Annotations:
D:2 Sigmund


Message History

Sigmund the Dreaded comes into view.
He is wielding a +1 scythe of protection.
Sigmund shouts!
Sigmund points at you and mumbles some strange words.
The puff of flame hits you.
Okay, then.
Okay, then.
As you read the scroll labelled TOOTRULU YFOMA, it crumbles to dust.
It is a scroll of amnesia.
You feel forgetful for a moment. Sigmund barely misses you.
Sigmund screams, "Don't try to resist!"
Sigmund hits you with a +1 scythe of protection!
Sigmund is nearby!
You barely miss Sigmund.
Sigmund gestures wildly while chanting.
Sigmund flickers and vanishes!
Deactivating autopickup; reactivate with Ctrl-A.
You closely miss something. Something hits you!
You miss something.
You hear some strange, mumbled words.
You are confused.
Something hits you!
You bump into the rock wall.
You miss something. Something hits you.
You miss something. Something hits you but does no damage.
Something completely misses you.
You're too confused to move!
You hear some strange, mumbled words.
A puff of flame appears from out of thin air!
The puff of flame hits you.
* * * LOW HITPOINT WARNING * * *
You feel less confused. Something hits you but does no damage.
You hit something but do no damage. You slash something!
Something hits you but does no damage.
You closely miss something. Something hits you.
* * * LOW HITPOINT WARNING * * *
You miss something. Something hits you.
* * * LOW HITPOINT WARNING * * *
You miss something. Something hits you.
You die...

#.#.....# #........
...# #........ ### ###
#..# #........ .....#
#..# #.#.....#
#.#.###..####.##...##
...............###..
#.###..##.#.##.#.##
#.@{#..##.#.###.# #
##.###.#..##.#..##.# #
..............##.##.###
#.###########.##.##....
..# #.##.###### #.#
#.##.###### #.#
#.......... #.#
####.###### #.#
#.######


There were no monsters in sight!

Vanquished Creatures
  Terence (D:2)
  2 adders (D:2)
  4 ball pythons
  5 endoplasms
  A giant cockroach (D:1)
  5 goblins
  3 hobgoblins (D:1)
  4 frilled lizards (D:1)
  3 kobolds
  2 rats (D:2)
30 creatures vanquished.

Vanquished Creatures (others)
  A plant (D:1)
1 creature vanquished.

Grand Total: 31 creatures vanquished

Notes
Turn   | Place    | Note
-------+----------+-------------------------------------------
     0 | D:1      | croobank the Hill Orc Fighter began the quest for the Orb.
     0 | D:1      | Reached XP level 1. HP: 19/19 MP: 1/1
   272 | D:1      | Reached XP level 2. HP: 27/27 MP: 2/2
   826 | D:1      | Reached skill level 4 in Fighting
  1048 | D:2      | Reached XP level 3. HP: 33/33 MP: 3/3
  1377 | D:2      | Noticed Terence
  1384 | D:2      | Killed Terence
  1385 | D:2      | Reached XP level 4. HP: 29/41 MP: 4/4
  1516 | D:2      | Noticed Sigmund
  1532 | D:2      | HP: 2/41 [something (2)]
  1533 | D:2      | Slain by Sigmund

Illustrated notes

Levels and vault maps discovered:
D:1:      roderic_octagonal_star, layout_basic, serial_forest,
          infiniplex_forest_lined_corner, infiniplex_forest_clump_large,
          infiniplex_forest_clump_long, infiniplex_forest_clump_curved,
          infiniplex_forest_end_2
D:2:      layout_loops_ring, kennysheep_pointless_box, minmay_misc_feat_roman,
          minmay_tromino_v2, uniq_terence, uniq_sigmund

Skill      XL: |  1  2 |
---------------+-------+-----
Axes           | 3 |  3.7
Fighting       | 4 |  4.3
Armour         | |  3.9
Shields        | |  3.9

Action                   |  1- 3 |  4- 6 || total
-------------------------+-------+-------++-------
Melee: War axe           |    84 |    14 ||    98
  Use: Potion            |     1 |       ||     1
       Scroll            |       |     1 ||     1
Armor: Scale mail        |    37 |     4 ||    41
Dodge: Dodged            |    28 |     4 ||    32
Block: Buckler           |    19 |     1 ||    20
